 Dungeon Crawl Stone Soup version 0.17.1-1-g73c8601 (webtiles) character file.

7931 shmeve the Blocker (level 11, -4/87 HPs)
             Began as a Formicid Fighter on Apr 23, 2016.
             Was a High Priest of Okawaru.
             Slain by Snorg (15 damage)
             ... on level 10 of the Dungeon.
             The game lasted 00:27:36 (9771 turns).

shmeve the Blocker (Formicid Fighter)               Turns: 9771, Time: 00:27:36

Health: -4/87      AC: 22    Str: 27    XL:     11   Next: 46%
Magic:  13/14      EV: 12    Int:  8    God:    Okawaru [*****.]
Gold:   100        SH: 14    Dex: 14    Spells: 0 memorised, 10 levels left

rFire  . . .     SeeInvis +     a - +0 war axe
rCold  . . .     Clarity  .     d - +0 plate armour
rNeg   . . .     SustAt   .     c - +0 shield
rPois  .         Gourm    .     (helmet unavailable)
rElec  .         Spirit   .     (no cloak)
rCorr  +         Warding  .     A - +2 pair of gloves
rMut   .         Stasis   +     y - +2 pair of boots
MR     +....                    G - amulet of resist corrosion
Stlth  ..........               K - +4 ring of dexterity
                                r - +3 ring of strength

@: heroism, somewhat resistant to hostile enchantments, extremely unstealthy
A: permanent stasis, dig shafts and tunnels, four strong arms, antennae 3
a: Dig, Shaft Self, Heroism, Renounce Religion


You were on level 10 of the Dungeon.
You worshipped Okawaru.
Okawaru was extremely pleased with you.
You were hungry.

You visited 2 branches of the dungeon, and saw 11 of its levels.
You also visited: Sewer.

You collected 711 gold pieces.
You spent 611 gold pieces at shops.

Inventory:

Hand Weapons
 a - a +0 war axe (weapon)
 s - a +0 hand crossbow
Missiles
 m - 38 bolts
 I - 10 bolts of flame
 N - 12 poisoned bolts
Armour
 c - a +0 shield (worn)
 d - a +0 plate armour (worn)
 y - a +2 pair of boots (worn)
 A - a +2 pair of gloves (worn)
Jewellery
 r - a +3 ring of strength (left hand)
 G - an amulet of resist corrosion (around neck)
 K - a +4 ring of dexterity (right hand)
Scrolls
 b - 2 scrolls of fog
 f - 4 scrolls of remove curse
 g - a scroll of enchant armour
 h - 2 scrolls of fear
 C - a scroll of teleportation
 D - 3 scrolls of recharging
 F - a scroll of holy word
 H - a scroll of magic mapping
 J - a scroll of identify
 L - a scroll of enchant weapon {unknown}
Potions
 i - 3 potions of mutation
 k - a potion of haste {unknown}
 l - 6 potions of heal wounds
 n - 2 potions of curing
 p - 3 potions of degeneration {unknown}
 t - a potion of agility {unknown}
 u - 2 potions of brilliance {unknown}
 v - 4 potions of flight {unknown}
 w - a potion of berserk rage {unknown}
 z - 3 potions of cancellation {unknown}
 E - a potion of might
Comestibles
 e - 8 bread rations
 j - 2 royal jellies
 o - 5 meat rations
 q - 10 fruits
 x - 3 beef jerkies
 B - 8 slices of pizza
 M - 3 chunks of flesh


   Skills:
 * Level 8.6(13.6) Fighting
 * Level 7.8(12.8) Axes
 + Level 7.0(12.0) Crossbows
 + Level 6.7(11.7) Armour
 + Level 4.6(9.6) Dodging
 * Level 9.7(14.7) Shields
 + Level 5.0 Invocations


You had 10 spell levels left.
You didn't know any spells.

Dungeon Overview and Level Annotations

Branches:
Dungeon (10/15)            Temple (1/1) D:4
   Lair: D:8-11         Orc: D:9-12

Altars:
Ashenzari
Cheibriados
Fedhas
Kikubaaqudgha
Nemelex Xobeh
Okawaru
Qazlal
Ru
Trog
Vehumet
Xom
Yredelemnul
Zin
The Shining One

Shops:
D:5 !   D:8 (   D:10 =

Annotations:
D:10 Snorg


Innate Abilities, Weirdness & Mutations

You are under a permanent stasis effect.
You can dig through walls and to a lower floor.
Your four strong arms can wield two-handed weapons with a shield.
You have a pair of large antennae on your head (SInv).


Message History

* * * LOW HITPOINT WARNING * * *
You slash Snorg!
Snorg is heavily wounded.
You block Snorg's attack. x3
Snorg bites you!
* * * LOW HITPOINT WARNING * * *
Snorg closely misses you. Snorg claws you.
* * * LOW HITPOINT WARNING * * *
You hit Snorg.
Snorg is heavily wounded.
You slash the adder!
The adder is almost dead.
You block Snorg's attack. Snorg completely misses you. Snorg barely misses you.
The adder barely misses you.
You closely miss Snorg.
Snorg is heavily wounded.
You completely miss the adder.
The adder is almost dead.
Snorg bites you!
You die...

# ##.### ## ### .##
.######## ..# .
........## ##.. .(
######...#####..# ..#
## ###..........# ..#
.###.....#####.## (.#
.........####...##..#
.#####..........@T(.#
## ##......####.S..#
# ##.###..##
##....... # ##.##
#..#####..####.. #.##
##.......## . #.#
######### #.# #.# ###
##.# ##.######


You could see Snorg (berserk) and an adder.

Vanquished Creatures
  An unseen horror (D:10)
  Pikel (D:6)
  A hill giant (D:10)
  A komodo dragon (D:7)
  Grinder (D:4)
  Prince Ribbit (D:6)
  5 yaks (D:9)
  The ghost of culcha the Ducker, an amateur DrBe of Trog (D:3)
  2 wraiths (D:9)
  A human (D:8)
  A hungry ghost (D:9)
  A vampire mosquito (D:7)
  A wasp (D:9)
  2 slaves (D:6)
  An eye of draining (D:9)
  3 phantoms
  An orc warrior (D:10)
  3 black bears
  4 ice beasts
  2 centaurs (D:6)
  6 sky beasts
  4 ogres
  2 crocodiles (D:9)
  A big kobold (Sewer)
  A giant frog (D:9)
  A scorpion (D:8)
  A troll zombie (D:9)
  6 killer bees (D:9)
  A troll skeleton (D:9)
  2 crimson imps
  2 hounds
  A quasit (D:6)
  2 human zombies (D:9)
  A centaur skeleton (D:10)
  2 orc priests
  Jessica (D:3)
  A giant frog skeleton (D:8)
  3 jellies
  9 orc wizards
  11 worker ants
  4 sheep (D:8)
  A hound skeleton (D:8)
  4 mummies (D:9)
  A worker ant zombie (D:5)
  Robin (D:4)
  11 adders
  4 river rats (Sewer)
  2 gnolls (D:2)
  A shadow imp (D:8)
  2 worms (D:5)
  4 giant geckos
  32 orcs
  A ball python (D:1)
  3 giant cockroaches
  5 hobgoblins
  9 jackals
  4 bats
  A giant gecko skeleton (D:4)
  A giant gecko zombie (D:8)
  A giant newt (D:1)
  19 goblins
  16 kobolds
  2 orc zombies (D:9)
  9 quokkas
  A quokka skeleton (D:4)
  7 rats
238 creatures vanquished.

Notes
Turn   | Place    | Note
--------------------------------------------------------------
     0 | D:1      | shmeve the Formicid Fighter began the quest for the Orb.
     0 | D:1      | Reached XP level 1. HP: 18/18 MP: 1/1
   291 | D:1      | Reached XP level 2. HP: 20/24 MP: 2/2
   441 | D:1      | Reached skill level 1 in Dodging
   758 | D:2      | Reached XP level 3. HP: 29/29 MP: 3/3
   888 | D:2      | Reached skill level 4 in Shields
  1222 | D:2      | Reached XP level 4. HP: 30/37 MP: 4/4
  1281 | D:2      | Found a faded altar to an unknown god.
  1422 | D:2      | Found an iron altar of Okawaru.
  1470 | D:2      | Became a worshipper of Warmaster Okawaru
  1606 | D:2      | Found a sacrificial altar of Ru.
  1814 | D:3      | Noticed culcha's ghost (amateur DrBe)
  1822 | D:3      | Killed culcha's ghost
  1822 | D:3      | Reached XP level 5. HP: 37/43 MP: 5/5
  1822 | D:3      | Reached XP level 6. HP: 42/49 MP: 6/6
  1955 | D:3      | Reached skill level 5 in Shields
  2050 | D:3      | Noticed Jessica
  2061 | D:3      | Killed Jessica
  2542 | D:4      | Found a shattered altar of Ashenzari.
  2548 | D:4      | Reached * piety under Okawaru
  2548 | D:4      | Reached XP level 7. HP: 39/55 MP: 7/7
  2549 | D:4      | Reached skill level 5 in Fighting
  2954 | D:4      | Reached skill level 1 in Invocations
  3040 | D:4      | Found a glowing silver altar of Zin.
  3108 | D:4      | Found a staircase to the Ecumenical Temple.
  3118 | Temple   | Entered the Ecumenical Temple
  3140 | D:4      | Noticed Robin
  3156 | D:4      | Killed Robin
  3195 | D:4      | Found a shimmering altar of Xom.
  3346 | D:4      | Noticed Grinder
  3350 | D:4      | Killed Grinder
  3350 | D:4      | Reached skill level 5 in Axes
  3350 | D:4      | Reached skill level 6 in Shields
  3350 | D:4      | Reached XP level 8. HP: 57/64 MP: 7/9
  3569 | D:5      | Entered Level 5 of the Dungeon
  3793 | D:5      | Found a blossoming altar of Fedhas.
  3795 | D:5      | Found an ancient bone altar of Kikubaaqudgha.
  3886 | D:5      | Found Pixodghea's Distillery.
  3889 | D:5      | Bought a potion of heal wounds for 65 gold pieces
  3889 | D:5      | Bought a potion of heal wounds for 65 gold pieces
  3889 | D:5      | Bought a potion of heal wounds for 65 gold pieces
  3889 | D:5      | Bought a potion of heal wounds for 65 gold pieces
  3920 | D:5      | Found a glowing drain.
  3938 | D:5      | Reached skill level 7 in Shields
  4189 | Sewer    | Entered a sewer
  4200 | Sewer    | Reached skill level 5 in Armour
  4408 | Sewer    | Reached ** piety under Okawaru
  4444 | Sewer    | Found a white marble altar of Elyvilon.
  4588 | D:5      | Reached XP level 9. HP: 69/69 MP: 10/10
  5073 | D:6      | Noticed Pikel
  5094 | D:6      | Killed Pikel
  5094 | D:6      | Reached skill level 5 in Crossbows
  5288 | D:6      | Reached *** piety under Okawaru
  5337 | D:6      | Noticed Prince Ribbit
  5352 | D:6      | Killed Prince Ribbit
  5705 | D:7      | Noticed a komodo dragon
  5724 | D:7      | Killed a komodo dragon
  5724 | D:7      | Reached XP level 10. HP: 24/77 MP: 10/12
  6318 | D:7      | Reached skill level 8 in Shields
  6677 | D:8      | Found a radiant altar of Vehumet.
  7171 | D:8      | Found a snail-covered altar of Cheibriados.
  7173 | D:8      | Found a stormy altar of Qazlal.
  7175 | D:8      | Found a sparkling altar of Nemelex Xobeh.
  7177 | D:8      | Found a glowing golden altar of the Shining One.
  7426 | D:8      | Found Oteugh's Antique Weapon Emporium.
  7554 | D:8      | Found a shattered altar of Ashenzari.
  7734 | D:9      | Reached **** piety under Okawaru
  8170 | D:9      | Found a bloodstained altar of Trog.
  8270 | D:9      | Reached XP level 11. HP: 65/86 MP: 14/14
  8329 | D:9      | Reached skill level 9 in Shields
  8476 | D:9      | Reached ***** piety under Okawaru
  8523 | D:9      | Received a gift from Okawaru
  9224 | D:9      | Found a basalt altar of Yredelemnul.
  9292 | D:10     | Entered Level 10 of the Dungeon
  9355 | D:10     | Found Mismafoc's Jewellery Shop.
  9361 | D:10     | Bought a +4 ring of dexterity for 351 gold pieces
  9510 | D:10     | Noticed an unseen horror
  9532 | D:10     | Killed an unseen horror
  9537 | D:10     | Noticed a hill giant
  9551 | D:10     | Killed a hill giant
  9551 | D:10     | Received a gift from Okawaru
  9551 | D:10     | Reached skill level 5 in Invocations
  9752 | D:10     | Noticed Snorg
  9771 | D:10     | Slain by Snorg

Action                   |  1- 3 |  4- 6 |  7- 9 | 10-12 || total
-------------------------+-------+-------+-------+-------++-------
Melee: War axe           |    84 |   115 |   313 |   354 ||   866
 Fire: Hand crossbow     |       |       |    11 |   101 ||   112
Invok: Heroism           |       |       |     4 |     5 ||     9
 Abil: Dig               |       |     1 |       |       ||     1
  Use: Potion            |       |     1 |       |     1 ||     2
       Scroll            |       |     1 |    11 |     4 ||    16
  Eat: Chunk             |       |     5 |     7 |    12 ||    24
       Bread ration      |       |       |     1 |       ||     1
       Meat ration       |       |       |       |     1 ||     1
